 Dungeon Crawl Stone Soup version 0.20.1-1-g8b1a95d (webtiles) character file.

191 Meenos the Ruffian (level 5, -3/48 HPs)
             Began as a Troll Transmuter on Nov 8, 2017.
             Was a Priest of Uskayaw.
             Slain by an adder (5 damage)
             ... on level 4 of the Dungeon on Nov 9, 2017.
             The game lasted 00:52:29 (2267 turns).

Meenos the Ruffian (Troll Transmuter)               Turns: 2267, Time: 00:52:30

Health: -3/48      AC:  5    Str: 19    XL:     5   Next: 41%
Magic:  3/5        EV: 10    Int:  9    God:    Uskayaw [***...]
Gold:   172        SH:  0    Dex: 10    Spells: 3/6 levels left

rFire    . . .     SeeInvis .     - Unarmed
rCold    . . .     Gourm    +   (no shield)
rNeg     . . .     Faith    .   b - +0 robe
rPois    .         Spirit   .   (helmet restricted)
rElec    .         Reflect  .   (no cloak)
rCorr    .         Harm     .   (gloves unavailable)
MR       .....                  (boots unavailable)
Stlth    +.........             s - amulet of rage
Regen    0.6/turn               r - ring of wizardry
MPRegen  0.1/turn               (no ring)

@: lethally poisoned (-3 -> -3), berserk cooldown, slowed, very slow
A: unfitting armour, claws 3, fast metabolism 3, gourmand, regeneration 1,
shaggy fur 1, tough skin 2
a: Stomp, Line Pass, Renounce Religion, Evoke Berserk Rage


You were on level 4 of the Dungeon.
You worshipped Uskayaw.
Uskayaw was noncommittal.
You were very full.

You visited 1 branch of the dungeon, and saw 4 of its levels.

You collected 172 gold pieces.

Inventory:

Hand Weapons
 i - a +0 dagger of holy wrath
Missiles
 a - 21 arrows
 l - 87 stones (quivered)
 w - 5 javelins
Armour
 b - a +0 robe (worn)
Jewellery
 p - an uncursed amulet of guardian spirit
 q - an uncursed amulet of faith
 r - a ring of wizardry (left claw)
 s - an amulet of rage (around neck)
Wands
 u - a wand of scattershot (4/9)
Scrolls
 e - 3 scrolls of teleportation
 g - 2 scrolls of recharging
 h - a scroll of blinking {unknown}
 j - 2 scrolls of remove curse
 k - a scroll of magic mapping {unknown}
 o - 2 scrolls of enchant weapon
 t - a scroll of fog {unknown}
 x - a scroll of fear {unknown}
Potions
 f - a potion of lignification {unknown}
 m - a potion of heal wounds {unknown}
 n - a potion of haste
 z - a potion of curing {unknown}
Books
 c - a book of Changes

   Spells                             Type                      Level
   a - Beastly Appendage              Transmutation                1
   b - Sticks to Snakes               Transmutation                2
   c - Spider Form                    Transmutation/Poison         3
   d - Ice Form                       Ice/Transmutation            4
   e - Blade Hands                    Transmutation                5
Comestibles
 d - 2 bread rations
 v - a meat ration


   Skills:
 + Level 1.3 Fighting
 + Level 2.2 Dodging
 + Level 4.7 Unarmed Combat
 - Level 1.2 Spellcasting
 + Level 2.2 Transmutations
 + Level 1.0 Evocations


You had 3 spell levels left.
You knew the following spells:

 Your Spells              Type           Power        Failure   Level  Hunger
a - Beastly Appendage     Tmut           #.....       6%          1    ##.....
b - Sticks to Snakes      Tmut           #.......     9%          2    ###....


Dungeon Overview and Level Annotations

Branches:
Dungeon (4/15)
 Temple: D:4-7

Altars:
Qazlal
Uskayaw

Annotations:
D:4 Robin


Innate Abilities, Weirdness & Mutations

You are too large for most types of armour.
You have claws for hands.
Your metabolism is lightning-fast.
You like to eat raw meat.
Your natural rate of healing is unusually fast.
You are covered in fur. (AC +1)
You have very tough skin. (AC +2)


Message History

* * * LOW HITPOINT WARNING * * *
The goblin barely misses you. The adder closely misses you.
Items here: ))) † a club x2; a dagger; a goblin corpse The adder bites you.
* * * LOW HITPOINT WARNING * * *
You are poisoned.
The adder poisons you! The goblin hits you.
* * * LOW HITPOINT WARNING * * *
* * * LOW HITPOINT WARNING * * *
You feel sick. Robin throws the goblin at you! The adder closely misses you.
The goblin barely misses you.
You claw the goblin!
You kill the goblin!
You feel sick. The adder bites you but does no damage.
The adder barely misses you.
The howler monkey skeleton barely misses you.
The adder bites you.
You die...

......................
............>.........g
....................g..
......................
...............8..###
............+..(...#
............#...Z)†#
............#####)####
........##'#....@Sg)))..#
........#..#.....Z......#
........#..#............#
........#..#............+
........#..#............#
........#..##########....#
........#.....# ....#
.....<..#.....# ....#
........#)....#


You could see Robin, an adder and a howler monkey skeleton.

Vanquished Creatures
  Ijyb (D:3)
  A howler monkey skeleton (D:4)
  6 adders
  4 worms
  3 dart slugs (D:1)
  2 leopard geckos
  2 orcs
  7 bats
  5 giant cockroaches
  21 goblins
  10 hobgoblins
  4 jackals (D:3)
  3 frilled lizards (D:1)
  5 kobolds
  A quokka skeleton (D:4)
  A quokka zombie (D:4)
  6 rats
82 creatures vanquished.

Vanquished Creatures (others)
  A goblin (D:4)
1 creature vanquished.

Grand Total: 83 creatures vanquished

Notes
Turn   | Place    | Note
-------+----------+-------------------------------------------
     0 | D:1      | Meenos the Troll Transmuter began the quest for the Orb.
     0 | D:1      | Reached XP level 1. HP: 18/18 MP: 1/1
   118 | D:1      | Reached XP level 2. HP: 21/26 MP: 0/2
   570 | D:1      | Reached XP level 3. HP: 32/32 MP: 1/3
   839 | D:2      | Reached skill level 4 in Unarmed Combat
   934 | D:2      | Reached XP level 4. HP: 40/40 MP: 2/4
   950 | D:2      | Learned a level 2 spell: Sticks to Snakes
  1100 | D:2      | Found a stormy altar of Qazlal.
  1109 | D:2      | Found a hide-covered altar of Uskayaw.
  1121 | D:2      | Became a worshipper of Uskayaw the Reveler
  1207 | D:2      | Reached * piety under Uskayaw
  1470 | D:3      | Noticed Ijyb
  1479 | D:3      | Killed Ijyb
  1479 | D:3      | Reached skill level 1 in Fighting
  1479 | D:3      | Reached ** piety under Uskayaw
  1564 | D:3      | Reached XP level 5. HP: 48/48 MP: 3/5
  2230 | D:4      | Noticed Robin
  2240 | D:4      | Reached skill level 1 in Evocations
  2260 | D:4      | Reached *** piety under Uskayaw
  2264 | D:4      | HP: 2/48 [goblin[Robin] (3)]
  2267 | D:4      | Slain by an adder

Skill      XL: |  1  2  3  4  5 |
---------------+----------------+-----
Unarmed Combat | 4 |  4.7
Dodging        | 2 |  2.2
Fighting       | 1 |  1.3
Transmutations | 2 |  2.2
Evocations     | 1 |  1.0
Spellcasting   | |  1.2

Action                   |  1- 3 |  4- 6 || total
-------------------------+-------+-------++-------
Melee: Unarmed           |    75 |   107 ||   182
       Kick              |     4 |     5 ||     9
       Headbutt          |     2 |     1 ||     3
       Punch             |     1 |     2 ||     3
Throw: Stone             |       |    13 ||    13
 Cast: Beastly Appendage |    16 |     8 ||    24
       Sticks to Snakes  |       |     8 ||     8
Invok: Stomp             |       |     2 ||     2
 Abil: Evoke Berserk Rag |       |     3 ||     3
  Use: Scroll            |       |     7 ||     7
 Stab: Sleeping          |     2 |       ||     2
       Paralysed         |       |     1 ||     1
  Eat: Chunk             |    14 |    15 ||    29
Armor: Robe              |    41 |    56 ||    97
Dodge: Dodged            |    39 |    86 ||   125
